cohdb
Replays
Latest Replays
All Replays
Popular Replays
Top Player Replays
Match Explorer
How It Works
Community
CoH3 Stats
Reddit
Sign in to upload your games and track your stats! →
Sign in with Steam
Match 43535214
Unlisted
Match 43535214
Overview
Messages
Build Orders
End
Construct Infanterie Kompanie
Grenadier Squad
Grenadier Squad
Selects Terror Battlegroup
Selects Machine Gun Camouflage
GrW 34 Mortar Team
Medical Station
Grenadier Squad
Infanterie Officer Quarters
Grenadier Squad
Construct Panzergrenadier Kompanie
Pak 40 Anti-tank Gun Team
251 Medium Carrier
Construct Panzer Kompanie
Stoßtruppen Squad
jamonké drip
Jaboomer
Mettiu
JUBA
Daghito
=BIA=Decapsy
Adam Kadmon
Stratego
0
0
Comments
sign in to comment!
No comments posted yet!